AoeStats
← Kanso

Arabia

510128218Analyzed
1v1 RM · 1d ago on Sep 29, 2026· 51m 10s· 2 players
Game mode
Random Map
Map size
Tiny (2 player)
Population
200
Speed
Normal
Resources
Standard
Victory
Conquest
Starting age
Dark Age
Ending age
Imperial Age
RankedLock teamsTeams togetherTeam positionsShared explorationLock speedFull tech treeHidden civsTurbo modeCheats
Victory
Defeat
🇦🇷 Tatars · Argentina
1221
+15
🇱🇧 Bengalis · Lebanon
1189
-15
Kanso
9:44 Loom
12:14 Feudal Age
16:39 Bloodlines
19:08 Castle Age
17:03 Horse Collar
17:57 Double-Bit Axe
18:51 Bloodlines
22:52 Husbandry
26:31 Wheelbarrow
27:35 Stone Mining
33:28 Imperial Age
32:25 Fletching
32:36 Padded Archer Armor
32:57 Hand Cart
33:41 Bodkin Arrow
34:26 Ballistics
34:27 Leather Archer Armor
34:58 Conscription
34:04 Pikeman
34:29 Gambesons
34:45 Squires
35:09 Bracer
37:18 Halberdier
38:02 Scale Mail Armor
38:13 Forging
40:15 Chemistry
39:55 Chain Mail Armor
40:17 Iron Casting
41:37 Ring Archer Armor
41:53 Elite Ratha (Ranged)
46:07 Blast Furnace
46:59 Scale Barding Armor
47:05 Light Cavalry
48:46 Chain Barding Armor
MedicenDuds
6:37 Loom
8:51 Feudal Age
9:53 Double-Bit Axe
17:03 Forging
21:43 Castle Age
20:13 Fletching
20:53 Scale Mail Armor
22:16 Pikeman
22:58 Squires
24:15 Scale Barding Armor
25:53 Town Watch
26:46 Fervor
28:07 Wheelbarrow
29:08 Horse Collar
30:55 Hand Cart
31:52 Hand Cart
32:47 Hand Cart
34:07 Hand Cart
34:41 Gold Mining
34:41 Stone Mining
34:54 Heavy Plow
35:44 Chain Barding Armor
35:59 Iron Casting
35:23 Bodkin Arrow
35:29 Padded Archer Armor
38:01 Leather Archer Armor
38:21 Bow Saw
40:51 Imperial Age
39:30 Ballistics
40:17 Gold Shaft Mining
39:58 Masonry
39:59 Town Patrol
42:34 Chemistry
40:59 Heavy Cavalry Archer
42:20 Conscription
41:36 Sappers
42:19 Bracer
43:26 Husbandry
43:36 Bloodlines
44:26 Ring Archer Armor
44:31 Plate Barding Armor
46:14 Treadmill Crane
46:29 Murder Holes
46:03 Capped Ram
48:53 Iron Casting
48:31 Siege Engineers
47:49 Siege Ram
48:21 Light Cavalry
51:39 Blast Furnace
50:05 Hussar
50:55 Guard Tower
Connection lost

Rejoining the realm…

Still unreachable

The connection could not be restored.

Session expired

The server has moved on; the page needs a fresh start.